 Dungeon Crawl Stone Soup version 0.19-a0-1637-gfc13266 (webtiles) character file.

439 JustSomeDude the Poker (level 6, -1/48 HPs)
             Began as a Demonspawn Fighter on Sept 17, 2016.
             Succumbed to Sigmund's poison
             ... on level 4 of the Dungeon on Sept 19, 2016.
             The game lasted 00:08:47 (2296 turns).

JustSomeDude the Poker (Demonspawn Fighter)         Turns: 2296, Time: 00:08:47

Health: -1/48      AC:  9    Str: 19 (22) XL:     6   Next: 70%
Magic:  2/6        EV:  8    Int: 11 (14) God:
Gold:   145        SH:  9    Dex: 13 (14) Spells: 0 memorised, 5 levels left

rFire  . . .     SeeInvis .     a - +0 trident
rCold  + . .     Gourm    .     b - +0 scale mail
rNeg   . . .     Faith    .     c - +0 shield
rPois  .         Spirit   +     (no helmet)
rElec  .         Dismiss  .     (no cloak)
rCorr  .         Reflect  .     j - +0 pair of gloves
MR     .....     Harm     .     o - +0 pair of boots
Stlth  ..........               (no amulet)
                                (no ring)
                                (no ring)

@: mighty, brilliant, lethally poisoned (-1 -> -19)
A: claws 1, cold resistance 1, magic shield
a: no special abilities


You were on level 4 of the Dungeon.
You were not hungry.

You visited 1 branch of the dungeon, and saw 4 of its levels.

You collected 145 gold pieces.

Inventory:

Hand Weapons
 a - a +0 trident (weapon)
Armour
 b - a +0 scale mail (worn)
 c - a +0 shield (worn)
 j - a +0 pair of gloves (worn)
 o - a +0 pair of boots (worn)
Jewellery
 q - an uncursed ring of flight {unknown}
 s - an uncursed amulet of faith
 x - a +5 ring of strength {unknown}
Wands
 D - a wand of flame (30/48)
Scrolls
 e - 5 scrolls of identify {unknown}
 k - a scroll of enchant armour {unknown}
 n - 2 scrolls of remove curse {unknown}
 p - a scroll of fear {unknown}
 u - a scroll of fog {unknown}
 y - a scroll of teleportation {unknown}
 A - a scroll of recharging {unknown}
Potions
 i - a potion of degeneration
Comestibles
 f - 2 bread rations
 l - 3 meat rations
 r - a beef jerky
 t - a slice of pizza
 B - 7 chunks of flesh


   Skills:
 + Level 4.1 Fighting
 + Level 4.6 Polearms
 + Level 3.4 Armour
 + Level 1.6 Dodging
 + Level 3.6 Shields


You had 5 spell levels left.
You didn't know any spells.

Dungeon Overview and Level Annotations

Branches:
Dungeon (4/15)
 Temple: D:4-7

Altars:
Gozag
Nemelex Xobeh

Annotations:
D:4 Sigmund


Innate Abilities, Weirdness & Mutations

You have sharp fingernails.
Your flesh is cold resistant. (rC+)
When hurt, damage is shared between your health and your magic reserves.


Message History

You feel very sick. You block Sigmund's attack.
You puncture Sigmund!
Sigmund is heavily wounded.
* * * LOW HITPOINT WARNING * * *
You feel sick. You block Sigmund's attack.
You puncture Sigmund!
Sigmund is almost dead.
* * * LOW HITPOINT WARNING * * *
You feel sick.
You completely miss Sigmund.
Sigmund is almost dead.
* * * LOW HITPOINT WARNING * * *
You feel sick. Sigmund gestures at you while chanting. The magic dart hits you!
* * * LOW HITPOINT WARNING * * *
You closely miss Sigmund.
Sigmund is almost dead.
You die...

..............#
#..#.##.....(.#
##............#
.........†....#
####....######
#....###
##......# .
#....##@# ..
#...###@#
...#...###.######
#.#..........>.#
#..............#
##.....<.......#
###...).####.####
..........# #.#
##.##.....###.#
#..###.....#


You could see Sigmund.

Vanquished Creatures
  The ghost of anele the Insei, an amateur DsMo (D:3)
  A centaur (D:3)
  Blork the orc (D:4)
  A scorpion (D:4)
  Ijyb (D:3)
  A worker ant (D:4)
  A worker ant zombie (D:3)
  2 adders (D:3)
  2 oozes
  2 worms
  A dart slug (D:1)
  2 leopard geckos
  An orc (D:3)
  5 giant cockroaches
  5 goblins
  4 hobgoblins
  11 jackals
  2 ball pythons
  8 bats
  6 frilled lizards
  6 kobolds
  7 rats
71 creatures vanquished.

Notes
Turn   | Place    | Note
-------+----------+-------------------------------------------
     0 | D:1      | JustSomeDude the Demonspawn Fighter began the quest for the Orb.
     0 | D:1      | Reached XP level 1. HP: 18/18 MP: 1/1
   179 | D:1      | Gained mutation: When hurt, damage is shared between your health and your magic reserves. [demonic ancestry]
   179 | D:1      | Reached XP level 2. HP: 18/24 MP: 2/2
   724 | D:1      | Gained mutation: You have sharp fingernails. [demonic ancestry]
   724 | D:1      | Reached XP level 3. HP: 29/29 MP: 3/3
   730 | D:1      | Upgraded the game from 0.19-a0-1608-g4cf22de to 0.19-a0-1626-g5215c36
  1155 | D:2      | Found a sparkling altar of Nemelex Xobeh.
  1155 | D:2      | Found an opulent altar of Gozag.
  1629 | D:3      | Gained mutation: Your flesh is cold resistant. (rC+) [demonic ancestry]
  1629 | D:3      | Reached XP level 4. HP: 36/36 MP: 4/4
  1671 | D:3      | Noticed a centaur
  1711 | D:3      | Noticed anele's ghost (amateur DsMo)
  1730 | D:3      | Killed anele's ghost
  1730 | D:3      | Reached skill level 1 in Dodging
  1730 | D:3      | Reached XP level 5. HP: 41/42 MP: 5/5
  1745 | D:3      | Killed a centaur
  1755 | D:3      | Noticed Ijyb
  1759 | D:3      | Killed Ijyb
  1765 | D:3      | Reached XP level 6. HP: 43/48 MP: 6/6
  1966 | D:3      | Upgraded the game from 0.19-a0-1626-g5215c36 to 0.19-a0-1637-gfc13266
  2107 | D:4      | Noticed Blork the orc
  2118 | D:4      | Killed Blork the orc
  2239 | D:4      | Noticed Sigmund
  2254 | D:4      | HP: 2/48 [poisoned by Sigmund]
  2295 | D:4      | HP: 1/48 [Sigmund/magic dart (3)]
  2296 | D:4      | Succumbed to Sigmund's poison

Vault maps used:
D:1:      lightli_arrival_quake, dk_noncrumbling_3, st_stairs_7
D:2:      grunt_temple_overflow_opulence
D:3:      uniq_iyjb
D:4:      lemuel_crystal_altar, uniq_robin, uniq_sigmund, uniq_blork_the_orc

Skill      XL: |  1  2  3  4  5  6 |
---------------+-------------------+-----
Polearms       | 2 3 4 |  4.6
Shields        | 3 |  3.6
Armour         | 3 |  3.4
Dodging        | 1 |  1.6
Fighting       | 4 |  4.1

Action                   |  1- 3 |  4- 6 || total
-------------------------+-------+-------++-------
Melee: Trident           |   171 |   112 ||   283
  Use: Potion            |       |    11 ||    11
  Eat: Chunk             |     3 |     2 ||     5
Armor: Scale mail        |    61 |    41 ||   102
Dodge: Dodged            |    39 |    25 ||    64
Block: Shield            |    68 |    50 ||   118
